 Dungeon Crawl Stone Soup version 0.30-b1-2-g02819fbbbe (webtiles) character file.

Game seed: 4144491378909156886

1 sanka the Trooper (level 1, -2/24 HPs)
             Began as an Ogre Delver on May 10, 2023.
             Slain by a jackal (3 damage)
             ... on level 5 of the Dungeon.
             The game lasted 00:00:51 (242 turns).

sanka the Trooper (Ogre Delver)                      Turns: 242, Time: 00:00:51

Health: -2/24      AC:  3    Str: 15    XL:     1   Next: 20%
Magic:  1/1        EV:  9    Int: 11    God:
Gold:   27         SH:  0    Dex: 10    Spells: 0/0 levels left

rFire   . . .        a - +0 mace
rCold   . . .        (no shield)
rNeg    . . .        b - +0 robe
rPois   .            (helmet restricted)
rElec   .            (no cloak)
rCorr   .            (gloves unavailable)
SInv    .            (boots unavailable)
Will    .....        (no amulet)
Stlth   ++           (no ring)
HPRegen 0.24/turn    (no ring)
MPRegen 0.07/turn

%: no passive effects
@: no status effects
A: large, unfitting armour, tough skin 1
a: no special abilities


You were on level 5 of the Dungeon.
You visited 1 branch of the dungeon, and saw 1 of its levels.

You collected 27 gold pieces.

Inventory:

Hand Weapons
 a - a +0 mace (weapon)
Armour
 b - a +0 robe (worn)
Wands
 g - a wand of digging (2)
Scrolls
 c - a scroll of fog
 d - a scroll of magic mapping
 e - a scroll of fear
Potions
 f - a potion of haste {@q3}
 h - a potion of berserk rage {unknown}
 i - a potion of attraction {unknown}


   Skills:
 - Level 4.0 Fighting
 + Level 1.9 Maces & Flails
 - Level 1.7 Dodging
 - Level 3.7 Stealth


You couldn't memorise any spells.
You didn't know any spells.
Your spell library contained the following spells:

 Spells                   Type           Power      Damage    Failure   Level
 Apportation              Tloc           0%         N/A       34%         1
 Alistair's Intoxication  Tmut/Pois      0%         N/A       100%        5


Dungeon Overview and Level Annotations

Branches:
Dungeon (5/15)
 Temple: D:4-7

Altars:

Annotations:
D:5 1 runed translucent door, Edmund; Sigmund; zero's ghost, amateur OpTm


Innate Abilities, Weirdness & Mutations

You are too large for most types of armour.
You have tough skin. (AC +1)


Message History

You feel yourself slow down. The jackal misses you.
You hit the jackal.
You kill the jackal!
Your life force feels restored.
You closely miss the jackal. The jackal bites you.
The jackal barely misses you.
You closely miss the jackal. The jackal bites you.
Sigmund the Dreaded comes into view.
He is wielding a +2 scythe of venom.
Sigmund shouts!
You hit the hound but do no damage. The hound barely misses you.
You closely miss the hound. The hound bites you. x2
You barely miss the hound. The hound bites you.
* * * LOW HITPOINT WARNING * * *
The hound bites you but does no damage.
You barely miss the hound.
The hound bites you but does no damage. x2
The hound pauses to sniff the ground.
Sigmund mumbles some strange words.
Sigmund flickers and vanishes!
Deactivating autopickup; reactivate with Ctrl-A.
The hound closely misses you. The hound attacks as you move away!
The hound closely misses you. The hound attacks as you move away!
The hound bites you.
* * * LOW HITPOINT WARNING * * *
The hound misses you.
There is an open door here.
The hound misses you. The hound barely misses you.
The hound pauses to sniff the ground.
The hound attacks as you move away! The hound bites you.
* * * LOW HITPOINT WARNING * * *
The hound barely misses you. The hound bites you.
* * * LOW HITPOINT WARNING * * *
You open the door. The hound barely misses you. The jackal bites you.
* * * LOW HITPOINT WARNING * * *
The jackal bites you.
* * * LOW HITPOINT WARNING * * *
The jackal attacks as you move away! The jackal bites you.
You die...

. . # # # # # #########
. # ###
#######.h.....#######...
#####.$
......'@hh....f...f†'...
##..#.#
#######h......#######...
##..#.# #####.### .
##..#.# #.# ##..#.# #.#
##..#.###### #.#
##.........# #.#
##..#.###### #.######
##..#.# ###.#.....


You could see a sleepcap, a hound and 3 jackals.

Vanquished Creatures
  A jackal (D:5)
1 creature vanquished.

Notes
Turn   | Place    | Note
-------+----------+-------------------------------------------
     0 | D:5      | sanka the Ogre Delver began the quest for the Orb.
     0 | D:5      | Reached XP level 1. HP: 24/24 MP: 1/1
     2 | D:5      | Noticed zero's ghost (amateur OpTm)
   144 | D:5      | Noticed Edmund
   214 | D:5      | Noticed a sleepcap
   220 | D:5      | Noticed a hound
   225 | D:5      | Noticed Sigmund
   241 | D:5      | HP: 1/24 [jackal (1)]
   242 | D:5      | Slain by a jackal

Illustrated notes

Levels and vault maps discovered:
D:5:      layout_basic, hellmonk_ghost_happy_afterlife, uniq_edmund,
          uniq_sigmund, uniq_grinder

Action                     || total
---------------------------++-------
  Melee: Mace              ||    12
  Evoke: Wand              ||     1
    Use: Potion            ||     1
 Armour: Robe              ||     4
  Dodge: Dodged            ||    13
